 Dungeon Crawl Stone Soup version 0.20.1-1-g8b1a95d (webtiles) character file.

10546 gobwax the Frost Mage (level 11, 0/61 HPs)
             Began as an Octopode Ice Elementalist on Sept 10, 2017.
             Was an Elder of Vehumet.
             Slain by a hell hound (7 damage)
             ... on level 11 of the Dungeon.
             The game lasted 01:18:59 (15029 turns).

gobwax the Frost Mage (Octopode Ice Elementalist)  Turns: 15029, Time: 01:18:59

Health: 0/61       AC:  1    Str: 12    XL:     11   Next: 63%
Magic:  13/33      EV: 14    Int: 23    God:    Vehumet [****..]
Gold:   200        SH:  0    Dex: 12    Spells: 3/29 levels left

rFire    . . .     SeeInvis .   P - +6 dagger of the Other Side {pierce, rElec rC+}
rCold    + . .     Gourm    .   (no shield)
rNeg     . . .     Faith    .   (helmet restricted)
rPois    .         Spirit   .   H - amulet of magic regeneration
rElec    +         Reflect  .   h - ring of wizardry
rCorr    .         Harm     .   O - ring of flight
MR       .....                  M - ring of magical power
Stlth    +++.......             Q - +4 ring of strength
Regen    0.2/turn               z - +5 ring of slaying
MPRegen  0.4/turn               (no ring)
                                (no ring)
                                (no ring)

@: lethally poisoned (0 -> -2)
A: almost no armour, stealthy swim, amphibious, 8 rings, constrict 8, camouflage
1, clever 1, gelatinous body 1
a: Renounce Religion, Evoke Flight


You were on level 11 of the Dungeon.
You worshipped Vehumet.
Vehumet was greatly pleased with you.
You were hungry.

You visited 2 branches of the dungeon, and saw 12 of its levels.

You collected 550 gold pieces.
You spent 350 gold pieces at shops.

Inventory:

Hand Weapons
 B - the +3 mace of Radim {pain, rPois MR+ Str+3}
   (You found it on level 4 of the Dungeon)

   In the hands of one skilled in necromantic magic, it inflicts extra damage on
   living creatures.
   It affects your strength (+3).
   It protects you from poison.
   It affects your resistance to hostile enchantments.
 C - the +5 mace of Trauma {freeze, +Inv rF+ rN+ Stlth-}
   (You took it off a goblin on level 4 of the Dungeon)

   It has been specially enchanted to freeze those struck by it, causing extra
   injury to most foes and up to half again as much damage against particularly
   susceptible opponents.
   It can also slow down cold-blooded creatures.
   It protects you from fire.
   It protects you from negative energy.
   It lets you turn invisible.
   It makes you less stealthy.
 P - the +6 dagger of the Other Side (weapon) {pierce, rElec rC+}
   (You found it on level 8 of the Dungeon)

   It inflicts extra damage upon your enemies.
   It protects you from cold.
   It insulates you from electricity.
Missiles
 G - 6 tomahawks of dispersal (quivered)
Jewellery
 h - a ring of wizardry (left tentacle)
 z - a +5 ring of slaying (on tentacle)
 H - an amulet of magic regeneration (around mantle)
 M - a ring of magical power (on tentacle)
 O - a ring of flight (right tentacle)
 Q - a +4 ring of strength (on tentacle)
 W - an uncursed amulet of regeneration
Wands
 d - a wand of polymorph (11/24)
 n - a wand of digging (11/24)
 D - a wand of confusion (27/48)
 L - a wand of acid (6/15)
 T - a wand of flame (28/48)
 U - a wand of confusion (23/48)
Scrolls
 e - 5 scrolls of remove curse
 f - 2 scrolls of fog
 i - a scroll of teleportation
 j - 4 scrolls of identify
 o - 2 scrolls of blinking {unknown}
 r - 4 scrolls of magic mapping
 y - a scroll of immolation {unknown}
 A - 2 scrolls of amnesia {unknown}
 E - a scroll of recharging
 F - a scroll of torment {unknown}
 S - a scroll of enchant weapon
 Y - a scroll of fear {unknown}
Potions
 c - 2 potions of lignification
 g - 3 potions of brilliance
 k - 2 potions of agility
 m - 5 potions of curing
 p - a potion of flight {unknown}
 s - a potion of haste {unknown}
 t - a potion of berserk rage
 w - a potion of might {unknown}
 x - 2 potions of magic
 N - 2 potions of resistance
Books
 l - Ts'ui Pên's Incunabulum of Forking Paths
   (You found it on level 10 of the Dungeon)

   Spells                             Type                      Level
   a - Confusing Touch                Hexes                        1
   b - Silence                        Hexes/Air                    5
   c - Darkness                       Hexes                        6
 u - a book of Misfortune

   Spells                             Type                      Level
   a - Confusing Touch                Hexes                        1
   b - Confuse                        Hexes                        3
   c - Gell's Gravitas                Translocation                3
   d - Petrify                        Transmutation/Earth          4
   e - Metabolic Englaciation         Hexes/Ice                    5
   f - Yara's Violent Unravelling     Hexes/Transmutation          5
 v - a book of Minor Magic

   Spells                             Type                      Level
   a - Magic Dart                     Conjuration                  1
   b - Blink                          Translocation                2
   c - Call Imp                       Summoning                    2
   d - Slow                           Hexes                        2
   e - Conjure Flame                  Conjuration/Fire             3
   f - Mephitic Cloud                 Conjuration/Poison/Air       3
 R - a book of Party Tricks

   Spells                             Type                      Level
   a - Summon Butterflies             Summoning                    1
   b - Apportation                    Translocation                1
   c - Lesser Beckoning               Translocation                3
   d - Tukima's Dance                 Hexes                        3
   e - Alistair's Intoxication        Transmutation/Poison         5
   f - Invisibility                   Hexes                        6
 X - the Tome of Combed Thunderclap
   (You found it on level 10 of the Dungeon)

   Spells                             Type                      Level
   a - Summon Lightning Spire         Summoning/Air                4
   b - Conjure Ball Lightning         Conjuration/Air              6
 Z - the Compendium of Sand
   (You found it on level 10 of the Dungeon)

   Spells                             Type                      Level
   a - Inner Flame                    Hexes/Fire                   3
   b - Lightning Bolt                 Conjuration/Air              5
Comestibles
 a - 7 chunks of flesh
 b - 11 bread rations
 q - 4 meat rations
 K - a royal jelly


   Skills:
 - Level 3.3 Dodging
 - Level 2.6 Stealth
 + Level 9.5 Spellcasting
 * Level 9.4 Conjurations
 + Level 0.6 Hexes
 - Level 1.8 Summonings
 - Level 1.9 Translocations
 + Level 9.7 Ice Magic
 * Level 6.0 Air Magic


You had 3 spell levels left.
You knew the following spells:

 Your Spells              Type           Power        Failure   Level  Hunger
a - Freeze                Ice            ####         1%          1    None
b - Throw Frost           Conj/Ice       ######       1%          2    None
c - Throw Icicle          Conj/Ice       ######..     1%          4    ##.....
d - Mephitic Cloud        Conj/Pois/Air  ####....     1%          3    None
e - Summon Ice Beast      Ice/Summ       #####...     2%          4    ##.....
f - Blink                 Tloc           N/A          1%          2    None
g - Fulminant Prism       Conj/Hex       ####......   1%          4    ##.....
h - Conjure Ball Lightni  Conj/Air       #####.....   4%          6    ######.


Dungeon Overview and Level Annotations

Branches:
Dungeon (11/15)            Temple (1/1) D:4            Lair (0/6) D:11
    Orc (0/2) D:9

Altars:
Ashenzari
Cheibriados
Elyvilon
Gozag
Hepliaklqana
Kikubaaqudgha
Nemelex Xobeh
Okawaru
Qazlal
Sif Muna
Uskayaw
Vehumet
The Shining One

Shops:
D:4 *   D:6 =   D:7 =   D:8 :   D:10 ?

Annotations:
D:1 1 runed door
D:3 ThereIsNoGod's ghost, amateur DrEE


Innate Abilities, Weirdness & Mutations

You cannot wear most types of armour.
You are very stealthy in the water. (Stealth+)
You are amphibious.
You can wear up to eight rings at the same time.
You can use your tentacles to constrict eight enemies at once.
Your skin changes colour to match your surroundings (Stealth+).
Your rubbery body absorbs attacks. (AC +1, EV +1)
Your mind is acute. (Int +2)


Message History

Casting: Throw Icicle
Confirm with . or Enter, or press ? or * to list all spells.
Okay, then.
Casting: Throw Icicle
Confirm with . or Enter, or press ? or * to list all spells.
Aiming: Fulminant Prism
Press: ? - help, Dir - move target cursor You conjure a prism of explosive energy!
You feel sick. The hell hound bites you.
* * * LOW HITPOINT WARNING * * *
Your fulminant prism crackles loudly.
Okay, then.
Casting: Fulminant Prism
Confirm with . or Enter, or press ? or * to list all spells.
Okay, then.
You feel much better.
You feel sick. The hell hound bites you!
* * * LOW HITPOINT WARNING * * *
The hell hound bites you!
You die...

...≈≈≈.§≈§§# #.
..h≈≈.>.§..# #.
#.h≈≈)%§≈≈.# ##
#..≈.§≈≈≈..# ##
#..≈≈.....# ##[
#..r..*...# #..
##.#############'#
#hh........##.....
#@................
#..........#......
#............##.....
...#....).....##.....
################.....
######


You could see 2 hell hounds and a friendly fulminant prism.

Vanquished Creatures
  The ghost of Ratty the Skirmisher, a novice TrWr of Ru (D:9)
  4 two-headed ogres
  Nergalle (D:10)
  A cyclops (D:11)
  Joseph (D:9)
  A troll (D:10)
  A hornet (D:11)
  A hippogriff (D:9)
  A wraith (D:11)
  4 yaks
  2 hungry ghosts
  Duvessa (D:4)
  3 sky beasts
  An ice beast (D:9)
  6 ogres
  2 orc warriors
  A necrophage (D:9)
  3 phantoms
  A black bear (D:8)
  2 centaurs
  A big kobold (D:10)
  4 bullfrogs
  Dowan (D:4)
  A water moccasin zombie (D:7)
  A killer bee (D:9)
  4 wights (D:8)
  3 howler monkeys
  5 crimson imps
  2 bullfrog zombies
  7 hounds
  2 quasits
  Crazy Yiuf (D:3)
  2 jellies
  A bullfrog skeleton (D:6)
  Jessica (D:3)
  5 orc wizards
  2 iguanas
  6 worker ants
  A hound zombie (D:7)
  3 hound skeletons
  Robin (D:4)
  7 adders
  9 gnolls
  A howler monkey skeleton (D:5)
  2 adder skeletons
  A worm (D:3)
  3 dart slugs
  5 leopard geckos
  31 orcs
  9 bats
  9 giant cockroaches
  21 goblins
  9 hobgoblins
  13 jackals
  6 quokkas
  A ball python (D:1)
  2 ball python skeletons (D:4)
  12 frilled lizards
  A jackal skeleton (D:4)
  21 kobolds
  A leopard gecko skeleton (D:5)
  A quokka skeleton (D:4)
  6 rats
  2 fulminant prisms (D:11)
265 creatures vanquished.

Vanquished Creatures (collateral kills)
  Erolcha (D:9)
  4 yaks
  An orc warrior (D:8)
  An ice beast (D:6)
  2 ogres
  2 bullfrogs (D:8)
  2 big kobolds (D:8)
  3 killer bees (D:9)
  2 howler monkeys
  A crimson imp (D:9)
  An orc priest (D:9)
  A worker ant (D:9)
  A gnoll (D:6)
  A shadow imp (D:8)
  4 orcs
  A kobold (D:8)
28 creatures vanquished.

Vanquished Creatures (others)
  8 ball lightnings
  13 fulminant prisms
  A fungus (D:4)
  A plant (D:4)
23 creatures vanquished.

Grand Total: 316 creatures vanquished

Notes
Turn   | Place    | Note
-------+----------+-------------------------------------------
     0 | D:1      | gobwax the Octopode Ice Elementalist began the quest for the Orb.
     0 | D:1      | Reached XP level 1. HP: 11/11 MP: 3/3
     1 | D:1      | Found a runed door.
     1 | D:1      | Noticed a jelly
    85 | D:1      | Reached XP level 2. HP: 16/17 MP: 0/5
   733 | D:1      | Reached XP level 3. HP: 21/21 MP: 1/6
   810 | D:1      | Learned a level 2 spell: Throw Frost
  1333 | D:2      | Found an iron altar of Okawaru.
  1337 | D:2      | Found a glowing golden altar of the Shining One.
  1678 | D:2      | Reached XP level 4. HP: 27/27 MP: 3/8
  1842 | D:2      | Learned a level 4 spell: Throw Icicle
  2453 | D:3      | Reached XP level 5. HP: 14/31 MP: 0/9
  2720 | D:3      | Learned a level 3 spell: Mephitic Cloud
  2851 | D:3      | Noticed Jessica
  2853 | D:3      | Killed Jessica
  3225 | D:3      | Noticed an ogre
  3236 | D:3      | Killed an ogre
  3236 | D:3      | Reached XP level 6. HP: 36/36 MP: 0/11
  3343 | D:3      | Found a runed door.
  3456 | D:3      | Noticed Crazy Yiuf
  3461 | D:3      | Killed Crazy Yiuf
  3608 | D:3      | Noticed ThereIsNoGod's ghost (amateur DrEE)
  3644 | D:4      | Noticed Duvessa
  3644 | D:4      | Noticed Dowan
  3778 | D:4      | Found a staircase to the Ecumenical Temple.
  3796 | D:4      | Got a fine mace
  3797 | D:4      | Identified the cursed +3 mace of Radim {pain, rPois MR+ Str+3} (You found it on level 4 of the Dungeon)
  3801 | Temple   | Entered the Ecumenical Temple
  3811 | Temple   | Became a worshipper of Vehumet
  3862 | D:4      | Found Lidinn's General Store.
  3865 | D:4      | Bought a potion of curing for 30 gold pieces
  3865 | D:4      | Bought a potion of brilliance for 40 gold pieces
  4345 | D:4      | Found a shattered altar of Ashenzari.
  4669 | D:4      | Killed Duvessa
  4669 | D:4      | Reached skill level 5 in Ice Magic
  4669 | D:4      | Reached XP level 7. HP: 25/41 MP: 1/13
  4688 | D:5      | Entered Level 5 of the Dungeon
  4798 | D:4      | Found a snail-covered altar of Cheibriados.
  4798 | D:4      | Found an opulent altar of Gozag.
  4839 | D:4      | Killed Dowan
  4870 | D:4      | Noticed Robin
  4872 | D:4      | Killed Robin
  5016 | D:4      | Learned a level 4 spell: Summon Ice Beast
  5032 | D:4      | Got a steaming mace {freeze}
  5033 | D:4      | Identified the +5 mace of Trauma {freeze, +Inv rF+ rN+ Stlth-} (You took it off a goblin on level 4 of the Dungeon)
  5048 | D:4      | Reached * piety under Vehumet
  5048 | D:4      | Offered knowledge of Flame Tongue by Vehumet.
  5057 | D:4      | Saw a vision of the Swamp and the Snake Pit.
  5057 | D:4      | Noticed a naga mage
  5057 | D:4      | Noticed a naga
  5057 | D:4      | Noticed a naga sharpshooter
  5057 | D:4      | Noticed a naga mage
  5057 | D:4      | Noticed a naga mage
  5057 | D:4      | Noticed a naga warrior
  5057 | D:4      | Noticed a shock serpent
  5057 | D:4      | Noticed an alligator
  5057 | D:4      | Noticed an alligator
  5058 | D:4      | Noticed a black mamba
  5603 | D:5      | Found a deep blue altar of Sif Muna.
  5701 | D:5      | Reached skill level 5 in Spellcasting
  5710 | D:5      | Reached XP level 8. HP: 46/46 MP: 13/15
  5919 | D:5      | Learned a level 2 spell: Blink
  6083 | D:6      | Found Uqiluull's Jewellery Boutique.
  7046 | D:6      | Reached skill level 1 in Summonings
  7292 | D:6      | Reached skill level 5 in Conjurations
  7390 | D:6      | Gained mutation: Your mind is acute. (Int +2) [mutagenic meat]
  8237 | D:7      | Found Amnymauc's Jewellery Emporium.
  8496 | D:7      | Reached XP level 9. HP: 44/51 MP: 11/18
  8502 | D:7      | Reached ** piety under Vehumet
  8502 | D:7      | Offered knowledge of Throw Flame by Vehumet.
  8632 | D:7      | Reached skill level 1 in Air Magic
  9290 | D:8      | Noticed a two-headed ogre
  9597 | D:8      | Killed a two-headed ogre
  9773 | D:8      | Found Hiuduuh's Book Shoppe.
 10160 | D:8      | Offered knowledge of Stone Arrow by Vehumet.
 10206 | D:8      | Got a slimy dagger
 10207 | D:8      | Identified the +6 dagger of the Other Side {pierce, rElec rC+} (You found it on level 8 of the Dungeon)
 11132 | D:6      | Bought an uncursed ring of magical power for 280 gold pieces
 11318 | D:8      | Reached skill level 1 in Translocations
 11318 | D:8      | Reached XP level 10. HP: 52/56 MP: 8/21
 11938 | D:9      | Reached *** piety under Vehumet
 12029 | D:9      | Noticed Erolcha
 12253 | D:9      | Killed Erolcha
 12301 | D:9      | Found a staircase to the Orcish Mines.
 12539 | D:9      | Noticed Ratty's ghost (novice TrWr)
 12571 | D:9      | Killed Ratty's ghost
 12581 | D:9      | Offered knowledge of Fulminant Prism by Vehumet.
 12681 | D:9      | HP: 2/55 [poisoned by a worker ant]
 13027 | D:9      | Noticed Joseph
 13037 | D:9      | Killed Joseph
 13159 | D:9      | Reached skill level 5 in Air Magic
 13339 | D:10     | Entered Level 10 of the Dungeon
 13352 | D:10     | Found Natogez's Magic Scroll Boutique.
 13409 | D:10     | Learned a level 4 spell: Fulminant Prism
 13467 | D:10     | Noticed a two-headed ogre
 13474 | D:10     | Reached **** piety under Vehumet
 13478 | D:10     | Killed a two-headed ogre
 13478 | D:10     | Offered knowledge of Olgreb's Toxic Radiance by Vehumet.
 13478 | D:10     | Reached XP level 11. HP: 58/61 MP: 19/23
 13593 | D:10     | Noticed a two-headed ogre
 13606 | D:10     | Killed a two-headed ogre
 13752 | D:10     | Identified the Tome of Combed Thunderclap
 13800 | D:10     | Identified the Compendium of Sand
 13807 | D:10     | Identified Ts'ui Pên's Incunabulum of Forking Paths
 13824 | D:10     | Learned a level 6 spell: Conjure Ball Lightning
 13843 | D:10     | Noticed Nergalle
 13863 | D:10     | Killed Nergalle
 13983 | D:10     | Noticed a two-headed ogre
 13986 | D:10     | Killed a two-headed ogre
 14294 | D:11     | Noticed a cyclops
 14456 | D:11     | Killed a cyclops
 14534 | D:11     | Noticed a manticore
 14538 | D:11     | HP: 2/61 [worker ant (6)]
 15018 | D:11     | Found a staircase to the Lair.
 15028 | D:11     | HP: 1/61 [hell hound (6)]
 15029 | D:11     | Slain by a hell hound

Skill      XL: |  1  2  3  4  5  6  7  8  9 10 11 |
---------------+----------------------------------+-----
Spellcasting   | 3 4 5 6 7 8 9 |  9.5
Ice Magic      | 4 5 6 8 9 |  9.7
Conjurations   | 2 3 4 5 6 8 9 |  9.4
Dodging        | 3 |  3.3
Summonings     | 1 |  1.8
Air Magic      | 3 5 6 |  6.0
Translocations | 1 |  1.9
Stealth        | |  2.6
Hexes          | |  0.6

Action                   |  1- 3 |  4- 6 |  7- 9 | 10-12 || total
-------------------------+-------+-------+-------+-------++-------
Melee: Unarmed           |    15 |       |       |       ||    15
       Constrict         |     2 |     5 |    16 |     5 ||    28
       Tentacles         |     1 |     3 |     9 |     8 ||    21
       Whip              |       |     5 |       |       ||     5
       Quarterstaff      |       |    11 |       |       ||    11
       Mace              |       |     5 |    75 |       ||    80
       Dagger            |       |       |    10 |    26 ||    36
 Cast: Freeze            |    61 |    38 |    99 |    19 ||   217
       Throw Frost       |     2 |    86 |    74 |    20 ||   182
       Mephitic Cloud    |       |     3 |     9 |    11 ||    23
       Summon Ice Beast  |       |       |    26 |    20 ||    46
       Blink             |       |       |    11 |     3 ||    14
       Throw Icicle      |       |       |    25 |    61 ||    86
       Fulminant Prism   |       |       |       |    16 ||    16
       Conjure Ball Ligh |       |       |       |     5 ||     5
Evoke: Wand              |       |       |     1 |     1 ||     2
  Use: Scroll            |       |     3 |     9 |     9 ||    21
       Potion            |       |     2 |     2 |     5 ||     9
 Stab: Sleeping          |       |     1 |     1 |     3 ||     5
       Invisible         |       |     1 |       |       ||     1
       Confused          |       |       |       |     1 ||     1
  Eat: Chunk             |     2 |    10 |    16 |    14 ||    42
       Royal jelly       |       |     1 |     1 |     1 ||     3
       Meat ration       |       |       |     3 |       ||     3
Armor: Skin              |     5 |     3 |    13 |     3 ||    24
Dodge: Dodged            |    44 |    29 |   141 |    67 ||   281
